 Dungeon Crawl Stone Soup version 0.24-a0-778-g74da537 (webtiles) character file.

Game seed: 14736209696924800697, levelgen mode: deterministic

182 BoppinsLewinski the Ruffian (level 5, -3/45 HPs)
             Began as a Demigod Fighter on Oct 7, 2019.
             Slain by a sky beast (5 damage)
             ... on level 3 of the Dungeon.
             The game lasted 00:04:42 (2811 turns).

BoppinsLewinski the Ruffian (Demigod Fighter)       Turns: 2811, Time: 00:04:43

Health: -3/45      AC:  6    Str: 20 (21) XL:     5   Next: 12%
Magic:  7/7        EV: 10    Int: 10 (12) God:
Gold:   152        SH:  0    Dex: 14 (15) Spells: 4/4 levels left

rFire    . . .     SeeInvis .     - Unarmed
rCold    . . .     Gourm    .   (no shield)
rNeg     . . .     Faith    .   a - +0 scale mail
rPois    .         Spirit   .   (no helmet)
rElec    .         Reflect  .   (no cloak)
rCorr    .         Harm     .   (no gloves)
MR       .....                  (no boots)
Stlth    ..........             (no amulet)
HPRegen  0.15/turn              (no ring)
MPRegen  0.10/turn              (no ring)

@: no status effects
A: high mp 1
a: no special abilities


You were on level 3 of the Dungeon.
You were not hungry.

You visited 1 branch of the dungeon, and saw 3 of its levels.

You collected 152 gold pieces.

Inventory:

Armour
 a - a +0 scale mail (worn)
Scrolls
 b - a scroll of fear {unknown}
 e - a scroll of immolation {unknown}
 f - 3 scrolls of remove curse {unknown}
 g - 2 scrolls of amnesia {unknown}
 h - a scroll of enchant weapon {unknown}
 k - a scroll of identify {unknown}
 m - 3 scrolls of teleportation {unknown}
 q - 3 scrolls of magic mapping {unknown}
Potions
 o - a potion of lignification {unknown}
 p - a potion of flight {unknown}
 r - a potion of curing {unknown}
Comestibles
 d - 9 rations


   Skills:
 + Level 3.4 Fighting
 + Level 3.4 Armour
 + Level 1.9 Dodging
   Level 2.6 Shields
 * Level 3.4 Unarmed Combat


You had 4 spell levels left.
You didn't know any spells.
Your spell library was empty.

Dungeon Overview and Level Annotations

Branches:
Dungeon (3/15)


Innate Abilities, Weirdness & Mutations

You have an increased reservoir of magic. (+10% MP)


Message History

Tha sky beast hits ye.
Tha sky beast shocks ye.
Ye closely miss tha sky beast.
Yer punch misses tha sky beast.
Tha sky beast be moderately wounded.
Tha sky beast flickers outta sight!
Deactivatin' autopickup; reactivate wit' Ctrl-A.
Somethin' hits ye.
Somethin' shocks ye.
Ye punch somethin'!
Somethin' hits ye.
Somethin' shocks ye.
Ye barely miss somethin'.
Somethin' hits ye.
Somethin' shocks ye.
* * * LOW HITPOINT WARNIN'
* * * Ye closely miss somethin'.
Somethin' hits ye.
* * * LOW HITPOINT WARNIN'
* * * Somethin' shocks ye.
* * * LOW HITPOINT WARNIN'
* * * It was a potion o' degeneration.
Thar was somethin' very wrong wit tha liquid.
Ye feel weaken'd.
Ye feel dopey.
Ye feel clumsy.
Somethin' hits ye.
* * * LOW HITPOINT WARNIN'
* * * Somethin' shocks ye.
Ye die...

## {.. ....
.[...
......#####
..........#
......###.#
.########{#
..##.....##@#
..#.......#.#
......<.....#
##.⌠.....⌠..#
#.......[..#
#...⌠(⌠....#
#.........##
#.⌠.....⌠.#
#....<....#


There were no monsters in sight!

Vanquished Creatures
  An orc priest (D:2)
  Jessica (D:2)
  Terence (D:2)
  Robin (D:2)
  3 adders
  A worm (D:2)
  3 dart slugs (D:1)
  A leopard gecko (D:1)
  5 orcs (D:2)
  A ball python (D:2)
  4 bats
  3 giant cockroaches
  10 goblins
  7 hobgoblins
  2 frilled lizards (D:2)
  5 kobolds
  5 rats
54 creatures vanquished.

Notes
Turn   | Place    | Note
-------+----------+-------------------------------------------
     0 | D:1      | BoppinsLewinski the Demigod Fighter began the quest for the
                  | Orb.
     0 | D:1      | Reached XP level 1. HP: 18/18 MP: 3/3
   283 | D:1      | Reached XP level 2. HP: 23/25 MP: 4/4
   946 | D:2      | Noticed Robin
   957 | D:2      | Reached skill level 1 in Dodging
   957 | D:2      | Reached XP level 3. HP: 17/31 MP: 5/5
   973 | D:2      | Killed Robin
  1444 | D:2      | Noticed Jessica
  1447 | D:2      | Killed Jessica
  1447 | D:2      | Reached XP level 4. HP: 22/38 MP: 6/6
  2150 | D:2      | Found a sparkling altar of Nemelex Xobeh.
  2442 | D:2      | Noticed Terence
  2456 | D:2      | Killed Terence
  2456 | D:2      | Reached XP level 5. HP: 31/45 MP: 7/7
  2788 | D:3      | Noticed a sky beast
  2811 | D:3      | HP: 2/45 [something (2)]
  2811 | D:3      | Slain by a sky beast

Levels and vault maps discovered:
D:1:      sevenhm_arrival_forest_fort_large_3, layout_basic,
          minmay_split_cup_large
D:2:      layout_loops_ring, lemuel_doored_altar, first_ration, uniq_jessica,
          uniq_robin, uniq_terence
D:3:      layout_basic, chequers_ecumenical_altar_simple_redux,
          minmay_misc_feat_alley, st_stairs_3, grunt_ministairs_10,
          uniq_crazy_yiuf_cottage

Skill      XL: |  1  2  3 |
---------------+----------+-----
Unarmed Combat | 2 3 |  3.4
Fighting       | 3 |  3.4
Dodging        | 1 |  1.9
Armour         | 3 |  3.4
Shields        | |  2.6

Action                   |  1- 3 |  4- 6 || total
-------------------------+-------+-------++-------
Melee: Unarmed           |   113 |   143 ||   256
       Punch             |     1 |     2 ||     3
  Use: Potion            |     1 |     5 ||     6
  Eat: Chunk             |     2 |     4 ||     6
Armor: Scale mail        |    55 |    50 ||   105
Dodge: Dodged            |    73 |    64 ||   137

Table legend:
 A = Non-vault XP
 B = Vault XP
 C = Vault XP percentage of total XP
 D = Non-vault monster count
 E = Vault monster count
 F = Vault count percentage of total count
                 A         B        C        D         E       F
            +---------+---------+-------+---------+---------+-------
      Total |     141 |     120 |  46.0 |      34 |      20 |  37.0
            +---------+---------+-------+---------+---------+-------
        D:1 |      39 |      11 |  22.0 |      14 |       4 |  22.2
        D:2 |     100 |     109 |  52.2 |      19 |      16 |  45.7
        D:3 |       2 |       0 |   0.0 |       1 |       0 |   0.0
            +---------+---------+-------+---------+---------+-------
